 Dungeon Crawl Stone Soup version 0.30-a0-1161-g0704695555 (webtiles) character file.

Game seed: 2471333642118986599

6595 Maxmaps the Martial Artist (level 10, -3/70 HPs)
             Began as a Demonspawn Monk on Apr 27, 2023.
             Was an Initiate of Gozag.
             Slain by a two-headed ogre
             ... wielding a +0 giant club
              (21 damage)
             ... on level 9 of the Dungeon.
             The game lasted 00:14:42 (9863 turns).

Maxmaps the Martial Artist (Demonspawn Monk)        Turns: 9863, Time: 00:14:43

Health: -3/70      AC: 19    Str: 11    XL:     10   Next: 71%
Magic:  10/10      EV: 20    Int: 16    God:    Gozag
Gold:   728        SH: 10    Dex: 19    Spells: 9/9 levels left

rFire   + .          .
                       - Unarmed
rCold   . . .        d - orb {light}
rNeg    . . .        h - quicksilver dragon scales of the Hidden Vale {Will+ Dex+3}
rPois   .            F - +0 helmet
rElec   .            b - +0 cloak
rCorr   .            B - +1 pair of gloves
SInv    .            (no boots)
Will    +....        o - amulet of regeneration
Stlth   +            k - ring of protection from fire
HPRegen 1.11/turn    w - +5 ring of evasion
MPRegen 0.12/turn

%: no passive effects
@: lethally poisoned (-3 -> -4), about to teleport, gold aura, glowing
A: claws 2, large bone plates 2, foul stench 1, icemail 1, condensation shield
a: Renounce Religion, Potion Petition, Call Merchant, Bribe Branch


You were on level 9 of the Dungeon.
You worshipped Gozag.
Gozag was pleased with you.
You visited 2 branches of the dungeon, and saw 10 of its levels.
You also visited: Bailey.

You collected 1460 gold pieces.
You spent 732 gold pieces at shops.

Inventory:

Hand Weapons
 s - the +5 triple sword "Jussutio" {drain, rF- Dex+8 Stlth-}
   (You found it in a bailey)

   Dex:       It affects your dexterity (+8).
   rF:        It makes you vulnerable to fire.
   Stlth:     It makes you less stealthy.
Missiles
 q - 2 throwing nets (quivered)
Armour
 b - a +0 cloak (worn)
 d - an orb of light (worn)
 h - the quicksilver dragon scales of the Hidden Vale (worn) {Will+ Dex+3}
   (You found it in a bailey)

   Dex:       It affects your dexterity (+3).
   Will:      It increases your willpower.
 B - a +1 pair of gloves (worn)
 F - a +0 helmet (worn)
Jewellery
 k - a ring of protection from fire (left hand)
 o - an amulet of regeneration (around neck)
 w - a +5 ring of evasion (right hand)
 C - a ring of resist corrosion
 D - a ring of see invisible
Wands
 A - a wand of iceblast (3)
Scrolls
 e - a scroll of amnesia
 f - 2 scrolls of enchant armour
 j - a scroll of blinking
 v - 3 scrolls of fog
 y - a scroll of summoning
 E - a scroll of magic mapping
 G - a scroll of identify
Potions
 a - 4 potions of haste
 c - 5 potions of curing
 i - 5 potions of lignification
 l - a potion of magic {unknown}
 m - 2 potions of mutation {unknown}
 n - 4 potions of might
 p - 4 potions of heal wounds
 r - 2 potions of ambrosia
 t - a potion of attraction {unknown}
 u - 2 potions of invisibility
 x - a potion of brilliance {unknown}
 z - 4 potions of cancellation


   Skills:
 - Level 3.0 Fighting
 - Level 5.0 Axes
 - Level 5.0 Armour
 - Level 9.0 Dodging
 + Level 10.4 Unarmed Combat


You had 9 spell levels left.
You didn't know any spells.
Your spell library contained the following spells:

 Spells                   Type           Power      Damage    Failure   Level
 Magic Dart               Conj           0%         1d3       50%         1
 Sandblast                Erth           0%         2d4       50%         1
 Call Imp                 Summ           0%         N/A       63%         2
 Passwall                 Tmut/Erth      0%         N/A       63%         2
 Mephitic Cloud           Conj/Pois/Air  0%         N/A       86%         3
 Stone Arrow              Conj/Erth      0%         3d7       86%         3
 Summon Lightning Spire   Summ/Air       0%         N/A       99%         4
 Storm Form               Tmut/Air       0%         N/A       100%        7
 Maxwell's Capacitive Co  Air            0%         ∞         100%        8


Dungeon Overview and Level Annotations

Branches:
Dungeon (9/15)             Temple (1/1) D:4             Orc (0/2) D:9
 Bailey (visited)
   Lair: D:8-11

Altars:
Ashenzari
Cheibriados
Dithmenos
Fedhas
Gozag
Hepliaklqana
Kikubaaqudgha
Makhleb
Nemelex Xobeh
Okawaru
Qazlal
Sif Muna
Trog
Uskayaw
Vehumet
Wu Jian
Xom
Yredelemnul

Shops:
D:3 =


Innate Abilities, Weirdness & Mutations

You have very sharp fingernails.
You are mostly covered in large bone plates. (SH +6)
You may rarely emit foul miasma when damaged in melee.
A meltable icy envelope protects you from harm. (AC +4)
A meltable shield of frost defends you. (SH +4)


Message History

You hit the two-headed ogre but do no damage.
You feel very sick. The two-headed ogre barely misses you.
You block the two-headed ogre's attack.
You barely miss the two-headed ogre.
You feel very sick.
You barely miss the two-headed ogre.
You feel sick.
The two-headed ogre closely misses you. x2
You hit the two-headed ogre.
The two-headed ogre is lightly wounded.
You feel sick.
The two-headed ogre hits you with a +0 giant club.
The two-headed ogre barely misses you.
You hit the two-headed ogre but do no damage.
The two-headed ogre is lightly wounded.
You feel sick.
You hit the two-headed ogre.
The two-headed ogre is lightly wounded.
You feel sick. You block the two-headed ogre's attack.
The two-headed ogre closely misses you.
You punch the two-headed ogre!
The two-headed ogre is moderately wounded.
You feel sick.
You hit the two-headed ogre.
The two-headed ogre is moderately wounded.
You feel sick. The two-headed ogre barely misses you.
The two-headed ogre hits you with a +0 dire flail!
* * * LOW HITPOINT WARNING * * *
You hit the two-headed ogre.
The two-headed ogre is moderately wounded.
You carefully extract the barbed spikes from your body.
You feel sick.
Unknown command.
As you read the scroll of teleportation, it crumbles to dust.
You feel strangely unstable.
You feel sick. You block the two-headed ogre's attack.
The two-headed ogre hits you but does no damage.
The two-headed ogre attacks as you move away!
The two-headed ogre hits you with a +0 giant club!!
You die...
Your body crumbles into a pile of gold.

#.# ..# #####.# #...#.#
#.#.#.##### #
#.#.......# ####.# #
#...#.###.# #...
.#..#.###.#.###.###.###
.>....O@..#...........#
##.#..#########.###.#.#
.... #.#..<#.# ##.. . #
#.#.#.#.# ...
#..#.#.#)#.#.# ##
#.......#.#.#
.....#.).#.#.#
########.#.#.#
.......)).#.#


You could see a two-headed ogre.

Vanquished Creatures
  A two-headed ogre (Bailey)
  A kobold demonologist (D:9)
  2 trolls (D:7)
  6 spriggans (Bailey)
  3 yaks (D:9)
  Eustachio (D:5)
  2 steam dragons
  Menkaure (D:5)
  3 sky beasts
  An ice beast (D:7)
  4 ogres
  The ghost of Darkkill the Shooter, an amateur MiHu (D:3)
  An orc warrior (D:8)
  The ghost of SpyderV the Conjurer, an amateur DrCj (D:3)
  3 centaurs (D:9)
  3 phantoms
  2 kobold brigands
  2 bullfrogs
  3 scorpions
  9 wights
  7 killer bees
  A howler monkey (D:7)
  3 hounds
  2 jellies
  A gnoll bouda (D:6)
  3 orc priests
  Crazy Yiuf (D:5)
  A sleepcap (D:6)
  4 iguanas
  3 orc wizards
  16 gnolls
  7 adders
  A shadow imp (D:6)
  2 white imps
  2 dart slugs
  13 orcs
  5 ball pythons
  7 endoplasms
  4 giant cockroaches
  3 goblins
  8 hobgoblins
  3 jackals (D:1)
  7 quokkas
  3 bats (D:1)
  11 kobolds
  5 rats
173 creatures vanquished.

Vanquished Creatures (others)
  3 goblins (D:8)
3 creatures vanquished.

Grand Total: 176 creatures vanquished

Notes
Turn   | Place    | Note
-------+----------+-------------------------------------------
     0 | D:1      | Maxmaps the Demonspawn Monk began the quest for the Orb.
     0 | D:1      | Reached XP level 1. HP: 18/18 MP: 1/1
   282 | D:1      | Gained mutation: You are partially covered in large bone
                  | plates. (SH +4) [demonic ancestry]
   282 | D:1      | Reached XP level 2. HP: 24/24 MP: 2/2
   608 | D:1      | Gained mutation: You may rarely emit foul miasma when
                  | damaged in melee. [demonic ancestry]
   608 | D:1      | Reached XP level 3. HP: 28/29 MP: 3/3
  1410 | D:1      | Reached XP level 4. HP: 24/35 MP: 4/4
  2376 | D:3      | Found Gareabu's Jewellery Boutique.
  2558 | D:3      | Found a runed translucent gate.
  2558 | D:3      | Found a runed translucent gate.
  2559 | D:3      | Found a runed translucent gate.
  2561 | D:3      | Noticed Darkkill's ghost (amateur MiHu)
  2561 | D:3      | Noticed SpyderV's ghost (amateur DrCj)
  3086 | D:4      | Reached skill level 5 in Axes
  3214 | D:4      | Found a radiant altar of Vehumet.
  3325 | D:4      | Reached skill level 1 in Armour
  3398 | D:4      | Gained mutation: You are mostly covered in large bone
                  | plates. (SH +6) [demonic ancestry]
  3398 | D:4      | Reached XP level 5. HP: 41/41 MP: 5/5
  3398 | D:4      | Noticed an ogre
  3640 | D:4      | Found an opulent altar of Gozag.
  3731 | D:4      | Became a worshipper of Gozag Ym Sagoz the Greedy
  4054 | D:4      | Killed an ogre
  4055 | D:4      | Gained mutation: A meltable shield of frost defends you.
                  | (SH +4) [demonic ancestry]
  4055 | D:4      | Reached XP level 6. HP: 42/47 MP: 6/6
  4185 | D:4      | Found a staircase to the Ecumenical Temple.
  4191 | Temple   | Entered the Ecumenical Temple
  4402 | D:5      | Entered Level 5 of the Dungeon
  4570 | D:5      | Noticed Eustachio
  4765 | D:5      | Reached skill level 5 in Armour
  4765 | D:5      | Gained mutation: A meltable icy envelope protects you from
                  | harm. (AC +4) [demonic ancestry]
  4765 | D:5      | Reached XP level 7. HP: 46/52 MP: 7/7
  4874 | D:5      | Killed Eustachio
  5104 | D:5      | Identified the +5 ring mail of the Pink Corner {Will+
                  | Int+3}
  5295 | D:5      | Reached skill level 5 in Dodging
  5476 | D:5      | Noticed Menkaure
  5492 | D:5      | Killed Menkaure
  5587 | D:5      | Found a runed translucent door.
  5588 | D:5      | Noticed Crazy Yiuf
  5901 | D:5      | Killed Crazy Yiuf
  5902 | D:5      | Reached XP level 8. HP: 9/58 MP: 8/8
  7127 | D:7      | Gained mutation: You have sharp fingernails. [demonic
                  | ancestry]
  7127 | D:7      | Reached XP level 9. HP: 63/63 MP: 9/9
  7158 | D:7      | Identified the +0 robe "Deuseipn" {rPois rC+ Will++}
  7168 | D:7      | Reached skill level 1 in Unarmed Combat
  7173 | D:7      | Found a hide-covered altar of Uskayaw.
  7189 | D:7      | Reached skill level 2 in Unarmed Combat
  7216 | D:7      | Reached skill level 3 in Unarmed Combat
  7218 | D:7      | Noticed a troll
  7229 | D:7      | Killed a troll
  7230 | D:7      | Reached skill level 4 in Unarmed Combat
  7385 | D:7      | Noticed a troll
  7405 | D:7      | Killed a troll
  7406 | D:7      | Reached skill level 5 in Unarmed Combat
  7819 | D:8      | Found a flagged portal.
  7855 | D:8      | Reached skill level 6 in Unarmed Combat
  7900 | Bailey   | Entered a bailey
  7972 | Bailey   | Reached skill level 7 in Unarmed Combat
  7992 | Bailey   | Gained mutation: You have very sharp fingernails. [demonic
                  | ancestry]
  7992 | Bailey   | Reached XP level 10. HP: 28/70 MP: 10/10
  8047 | Bailey   | Reached skill level 8 in Unarmed Combat
  8079 | Bailey   | Noticed a two-headed ogre
  8093 | Bailey   | Killed a two-headed ogre
  8136 | Bailey   | Identified the quicksilver dragon scales of the Hidden Vale
                  | {Will+ Dex+3}
  8146 | Bailey   | Identified the +5 triple sword "Jussutio" {drain, rF- Dex+8
                  | Stlth-}
  8317 | D:8      | Reached skill level 9 in Unarmed Combat
  8618 | D:8      | Found an ornate altar of the Wu Jian Council.
  8839 | D:9      | Noticed a red ugly thing
  9023 | D:3      | Bought a ring of protection from fire for 300 gold pieces
  9023 | D:3      | Bought a +5 ring of evasion for 432 gold pieces
  9160 | D:3      | Killed Darkkill's ghost
  9167 | D:3      | Killed SpyderV's ghost
  9755 | D:9      | Found a staircase to the Orcish Mines.
  9762 | D:9      | Reached skill level 10 in Unarmed Combat
  9832 | D:9      | Noticed an orange demon
  9832 | D:9      | Noticed a two-headed ogre
  9863 | D:9      | Slain by a two-headed ogre

Illustrated notes

Levels and vault maps discovered:
D:1:      psy_arrival_spokes, layout_basic
D:2:      layout_loops_corners
D:3:      layout_loops_ring, serial_shops, nicolae_shop_window_shopping,
          gammafunk_ghost_cemetery
D:4:      layout_basic, nicolae_gozag_seed_capital, lemuel_doored_altar,
          minmay_temple_entry_fiery, minmay_hedge_maze,
          nicolae_nh_ransacked_shop
D:5:      layout_loops_ring, uniq_eustachio, uniq_menkaure,
          uniq_crazy_yiuf_cottage
D:6:      layout_basic, nrook_uturn
D:7:      lemuel_ice_spiral_2, layout_rooms, eat_drink_and_be_merry_uskayaw
D:8:      layout_loops_ring, gammafunk_temple_overflow_wave, enter_bailey_5,
          dk_vineyard_2
D:9:      layout_basic, mainiacjoe_overflow_alcove_4, orc_0_dummy
Temple:   nicolae_temple_slightly_damp_pantheon

Skill      XL: |  1  2  3  4  5  6  7  8  9 10 |
---------------+-------------------------------+-----
Axes           | 3 4 5 |  5.0
Armour         | 1 3 5 |  5.0
Dodging        | 5 9 |  9.0
Unarmed Combat | 7 10 | 10.4
Fighting       | |  3.0

Action                     |  1- 3 |  4- 6 |  7- 9 | 10-12 || total
---------------------------+-------+-------+-------+-------++-------
  Melee: Hand axe          |   115 |   173 |   238 |       ||   526
         War axe           |       |       |   185 |       ||   185
         Unarmed           |       |       |   132 |   216 ||   348
  Evoke: Wand              |       |       |       |     5 ||     5
    Use: Potion            |     1 |       |     1 |       ||     2
         Scroll            |       |     8 |     8 |     4 ||    20
   Stab: Distracted        |       |       |     3 |       ||     3
 Armour: Robe              |    22 |     7 |       |       ||    29
         Chain mail        |       |    58 |    68 |       ||   126
         Ring mail         |       |       |   145 |    11 ||   156
         Quicksilver drago |       |       |       |    34 ||    34
  Dodge: Dodged            |    63 |    63 |   328 |   126 ||   580
  Block: Orb               |    16 |    46 |   304 |   103 ||   469

Table legend: (Time is in decaauts)
 A = Elapsed time spent in this place.
 B = Non-inter-level travel time spent in this place.
 C = Inter-level travel time spent in this place.
 D = Time resting spent in this place.
 E = Time spent auto-exploring this place.
 F = Levels seen in this place.
 G = Mean time per level.
                   A        B        C        D        E       F      G
               +--------+--------+--------+--------+--------+-----+--------+
         Total |   9913 |   9080 |    833 |    817 |   5933 |  11 |  901.2 |
       Dungeon |   9430 |   8616 |    814 |    817 |   5702 |   9 | 1047.8 |
        Temple |    186 |    167 |     19 |      0 |    151 |   1 |  186.0 |
        Bailey |    296 |    296 |      0 |      0 |     80 |   1 |  296.0 |
               +--------+--------+--------+--------+--------+-----+--------+

Top non-repeatable levels by time:
     D:3: 1513 daAuts
     D:5: 1487 daAuts
     D:4: 1182 daAuts
     D:6: 1144 daAuts
     D:1: 1052 daAuts
     D:2: 965 daAuts
     D:8: 906 daAuts
     D:7: 636 daAuts
     D:9: 542 daAuts
  Bailey: 296 daAuts
  Temple: 186 daAuts
